 Dungeon Crawl Stone Soup version 0.29-a0-275-g389c0b56f3 (webtiles) character file.

Game seed: 7494130173687743035

59 spaghetti the Slasher (level 3, 0/29 HPs)
             Began as a Demonspawn Fighter on Mar 11, 2022.
             Was a Follower of Qazlal.
             Slain by a gnoll
             ... wielding a +0 halberd
              (9 damage)
             ... on level 2 of the Dungeon.
             The game lasted 00:01:48 (1625 turns).

spaghetti the Slasher (Demonspawn Fighter)          Turns: 1625, Time: 00:01:48

Health: 0/29       AC:  6    Str: 16    XL:     3   Next: 78%
Magic:  3/3        EV:  8    Int:  9    God:    Qazlal [*.....]
Gold:   59         SH:  6    Dex: 14    Spells: 2/2 levels left

rFire   . . .      SeeInvis .   a - +0 long sword {long}
rCold   . . .      Faith    .   c - +0 buckler
rNeg    . . .      Spirit   .   b - +0 scale mail
rPois   .          Reflect  .   (no helmet)
rElec   .          Harm     .   (no cloak)
rCorr   .          Rampage  .   (no gloves)
Will    .....                   (no boots)
Stlth   ..........              (no amulet)
HPRegen 0.09/turn               (no ring)
MPRegen 0.08/turn               (no ring)

@: mighty
A: demonic magic 1
a: Renounce Religion


You were on level 2 of the Dungeon.
You worshipped Qazlal.
Qazlal was aware of your devotion.
You visited 1 branch of the dungeon, and saw 2 of its levels.

You collected 59 gold pieces.


Innate Abilities, Weirdness & Mutations

Spells you cast may paralyse adjacent enemies.


   Skills:
 - Level 3.0 Fighting
 + Level 3.8 Long Blades
 - Level 2.6 Armour
 - Level 2.6 Shields


You had 2 spell levels left.
You didn't know any spells.
Your spell library was empty.

Inventory:

Hand Weapons
 a - a +0 long sword (weapon) {long}
Missiles
 g - 38 stones (quivered) {throwing}
 h - 2 poisoned darts {throwing}
 i - a throwing net {=f!fthrowing}
 j - 6 javelins {throwing}
Armour
 b - a +0 scale mail (worn)
 c - a +0 buckler (worn)
Scrolls
 e - a scroll of fog
 l - a scroll of torment {unknown}
Potions
 f - a potion of curing {unknown}
 k - a potion of haste {unknown}

Dungeon Overview and Level Annotations

Branches:
Dungeon (2/15)

Altars:
Qazlal

#.# #.#
##.# #..#
#.## #.#
#.# #.#
#@# #)#
#g#
....g(.)#
....##..#
## #...
##.# #.#
#.#


You could see a gnoll.


Message History

The ball python bites you but does no damage.
The ball python constricts you. 😕 HP[-1]
You take 1 damage, and now have 28/29 hp.
You closely miss the ball python.
The ball python bites you but does no damage.
The ball python constricts you.
You barely miss the ball python.
The ball python bites you but does no damage.
The ball python constricts you. You block the ball python's attack.
The ball python constricts you.
You closely miss the ball python.
The ball python bites you but does no damage.
The ball python constricts you. 😎 HP[+1]
Your hp is fully restored (29).
You slash the ball python!
You kill the ball python!
Qazlal accepts your kill.
You see here a ball python corpse.
g - 37 stones {throwing} (gained 1)
g - 38 stones {throwing} (gained 1)
g - 39 stones {throwing} (gained 1)
l - a scroll labelled DIDEMO ALUQI OMN 2 gnolls come into view.
The gnoll shouts! x2
A quokka comes into view.
A gnoll comes into view. It is wielding a +0 club.
A gnoll comes into view. It is wielding a +0 halberd.
There are monsters nearby!
There are monsters nearby!
You throw a stone {throwing}.
The stone {throwing} barely misses the gnoll.
The gnoll shouts!
You barely miss the gnoll. The gnoll hits you but does no damage.
You hit the gnoll. You block the gnoll's attack.
You hit the gnoll but do no damage.
The quokka bites you but does no damage.
The gnoll hits you with a +0 whip. 😕 HP[-5]
You take 5 damage, and now have 24/29 hp.
You slash the gnoll!
You kill the gnoll!
Qazlal accepts your kill.
The quokka bites you but does no damage.
The gnoll barely misses you. The quokka bites you.
You are too injured to fight recklessly! 😮 HP[-3]
You take 3 damage, and now have 21/29 hp.
You are too injured to fight recklessly!
You are too injured to fight recklessly!
You are too injured to fight recklessly!
You are too injured to fight recklessly!
You are too injured to fight recklessly!
You are too injured to fight recklessly!
You are too injured to fight recklessly!
You are too injured to fight recklessly!
You are too injured to fight recklessly!
You are too injured to fight recklessly!
You are too injured to fight recklessly!
You are too injured to fight recklessly!
You are too injured to fight recklessly!
You are too injured to fight recklessly!
You are too injured to fight recklessly!
Unknown command.
You barely miss the gnoll. The gnoll hits you with a +0 club.
The gnoll barely misses you.
The gnoll hits you but does no damage. 😮 HP[-3]
You take 3 damage, and now have 18/29 hp.
You hit the gnoll. The gnoll hits you with a +0 club.
The gnoll barely misses you. 😮 HP[-3]
You take 3 damage, and now have 15/29 hp.
You hit the gnoll but do no damage. You block the gnoll's attack. x2
The quokka twitches its whiskers.
You feel very mighty all of a sudden. The gnoll hits you but does no damage.
You barely miss the gnoll. The gnoll hits you with a +0 club.
* * * LOW HITPOINT WARNING * * *
😨 HP[-3]
You take 3 damage, and now have 12/29 hp.
You slash the gnoll!
You kill the gnoll!
Qazlal accepts your kill.
The quokka bites you but does no damage. 😨 HP[+1]
You hit the quokka.
You kill the quokka!
Qazlal accepts your kill.
You closely miss the gnoll. You block the gnoll's attack.
The gnoll hits you from afar with a +0 halberd.
* * * LOW HITPOINT WARNING * * *
😨 HP[-4]
You take 4 damage, and now have 9/29 hp.
You slash the gnoll! You block the gnoll's attack. The gnoll barely misses you.
You slash the gnoll!
You kill the gnoll!
Qazlal accepts your kill.
The gnoll hits you from afar with a +0 halberd!
You die...

Skill      XL: |  1  2 |
---------------+-------+-----
Long Blades    | 2 3 |  3.8
Fighting       | |  3.0
Armour         | |  2.6
Shields        | |  2.6

Action                   || total
-------------------------++-------
Melee: Long sword        ||    77
Throw: Stone             ||    21
  Use: Scroll            ||     1
       Potion            ||     1
Armor: Scale mail        ||    35
Dodge: Dodged            ||    34
Block: Buckler           ||    16

Levels and vault maps discovered:
D:1:      minmay_arrival_arboretum_small, layout_loops_corners,
          shapermc_ecumenical_altar_petra, kennysheep_decorative_pillar,
          minmay_tetromino_t2
D:2:      layout_loops_ring, basic_altar, uniq_natasha

Notes
Turn   | Place    | Note
-------+----------+-------------------------------------------
     0 | D:1      | spaghetti the Demonspawn Fighter began the quest for the
                  | Orb.
     0 | D:1      | Reached XP level 1. HP: 18/18 MP: 1/1
     0 | D:1      | magus.rc [v1.9.6]
   137 | D:1      | Reached skill level 2 in Long Blades
   352 | D:1      | Gained mutation: Spells you cast may paralyse adjacent
                  | enemies. [demonic ancestry]
   352 | D:1      | Reached XP level 2. HP: 24/24 MP: 2/2
   642 | D:1      | Reached skill level 3 in Long Blades
  1424 | D:1      | Found a faded altar of an unknown god.
  1429 | D:1      | Prayed at the altar of an unknown god.
  1429 | D:1      | Became a worshipper of Qazlal Stormbringer
  1429 | D:1      | Reached * piety under Qazlal
  1490 | D:2      | Reached XP level 3. HP: 28/29 MP: 3/3
  1625 | D:2      | Slain by a gnoll

Vanquished Creatures
  3 gnolls (D:2)
  An adder (D:2)
  A dart slug (D:1)
  4 ball pythons
  A bat (D:1)
  6 endoplasms
  A giant cockroach (D:1)
  3 goblins (D:1)
  A hobgoblin (D:1)
  2 quokkas (D:2)
  2 frilled lizards (D:1)
  3 kobolds (D:1)
28 creatures vanquished.

Vanquished Creatures (others)
  A plant (D:1)
1 creature vanquished.

Grand Total: 29 creatures vanquished

Table legend:
 A = Non-vault XP
 B = Vault XP
 C = Vault XP percentage of total XP
 D = Non-vault monster count
 E = Vault monster count
 F = Vault count percentage of total count
                 A         B        C        D         E       F
            +---------+---------+-------+---------+---------+-------
      Total |     100 |       0 |   0.0 |      28 |       0 |   0.0
            +---------+---------+-------+---------+---------+-------
        D:1 |      37 |       0 |   0.0 |      20 |       0 |   0.0
        D:2 |      63 |       0 |   0.0 |       8 |       0 |   0.0
            +---------+---------+-------+---------+---------+-------

Illustrated notes

Table legend:
 A = Kills in this place as a percentage of kills in entire the game.
 B = Kills by you in this place as a percentage of kills by you in the entire game.
 C = Kills by friends in this place as a percentage of kills by friends in the entire game.
 D = Other kills in this place as a percentage of other kills in the entire game.
 E = Experience gained in this place as a percentage of experience gained in the entire game.
 F = Experience gained in this place divided by the number of levels of this place that you have seen.
                   A       B       C       D       E      F
               +-------+-------+-------+-------+-------+----------------------
         Total | 100.0 | 100.0 |   N/A |   N/A | 100.0 |  50.0
       Dungeon | 100.0 | 100.0 |   N/A |   N/A | 100.0 |  50.0
               +-------+-------+-------+-------+-------+----------------------

Table legend: (Time is in decaauts)
 A = Elapsed time spent in this place.
 B = Non-inter-level travel time spent in this place.
 C = Inter-level travel time spent in this place.
 D = Time resting spent in this place.
 E = Time spent auto-exploring this place.
 F = Levels seen in this place.
 G = Mean time per level.
                   A        B        C        D        E       F      G
               +--------+--------+--------+--------+--------+-----+--------+
         Total |   1650 |   1594 |     56 |    388 |    996 |   2 |  825.0 |
       Dungeon |   1650 |   1594 |     56 |    388 |    996 |   2 |  825.0 |
               +--------+--------+--------+--------+--------+-----+--------+

Top non-repeatable levels by time:
     D:1: 1505 daAuts
     D:2: 145 daAuts
